 Dungeon Crawl Stone Soup version 0.29.1-15-g9cfb28693d (webtiles) character file.

Game seed: 3022541360422793529

37 promet the Trooper (level 3, 0/23 HPs)
             Began as a Tengu Wanderer on Apr 10, 2023.
             Slain by an adder (3 damage)
             ... on level 2 of the Dungeon.
             The game lasted 00:06:21 (1947 turns).

promet the Trooper (Tengu Wanderer)                 Turns: 1947, Time: 00:06:22

Health: 0/23       AC:  3    Str: 11 (14) XL:     3   Next: 41%
Magic:  7/7        EV: 10    Int:  8 (10) God:
Gold:   95         SH:  0    Dex: 13 (15) Spells: 5/6 levels left

rFire   . . .      SeeInvis .   a - +0 broad axe
rCold   . . .      Faith    .   (no shield)
rNeg    . . .      Spirit   .   c - +0 leather armour
rPois   .          Reflect  .   (helmet restricted)
rElec   .          Harm     .   (no cloak)
rCorr   .          Rampage  .   (no gloves)
Will    .....                   (boots unavailable)
Stlth   +.........              (no amulet)
HPRegen 0.07/turn               (no ring)
MPRegen 0.10/turn               (no ring)

@: lethally poisoned (0 -> -4)
A: beak, talons 3
a: no special abilities


You were on level 2 of the Dungeon.
You visited 1 branch of the dungeon, and saw 2 of its levels.

You collected 95 gold pieces.

Inventory:

Hand Weapons
 a - a +0 broad axe (weapon)
 b - a +1 sling
 m - a +0 dagger
Missiles
 i - 26 stones
 j - 8 poisoned darts
Armour
 c - a +0 leather armour (worn)
Jewellery
 e - a ring of ice
Scrolls
 d - a scroll of blinking
 f - a scroll of amnesia {unknown}
 g - a scroll of poison {unknown}
 l - a scroll of vulnerability {unknown}
 o - a scroll of enchant armour {unknown}
Potions
 n - a potion of heal wounds


   Skills:
 + Level 3.1 Fighting
 + Level 0.4 Axes
 + Level 2.4 Ranged Weapons
 + Level 1.0 Throwing
 + Level 1.3 Armour
 + Level 2.4 Spellcasting
 + Level 0.7 Conjurations
 + Level 3.1 Air Magic


You had 5 spell levels left.
You knew the following spells:

 Your Spells              Type           Power      Damage    Failure   Level
a - Shock                 Conj/Air       16%        1d4       21%         1

Your spell library contained the following spells:

 Spells                   Type           Power      Damage    Failure   Level
 Poisonous Vapours        Pois/Air       6%         N/A       34%         2
 Sting                    Tmut/Pois      0%         1d3       41%         1
 Summon Lightning Spire   Summ/Air       3%         N/A       93%         4
 Olgreb's Toxic Radiance  Pois           0%         N/A       99%         4


Dungeon Overview and Level Annotations

Branches:
Dungeon (2/15)

Altars:


Innate Abilities, Weirdness & Mutations

You have a beak for a mouth.
You have claws for feet.


Message History

The quokka closely misses you. The quokka bites you.
You barely miss the quokka. Your punch misses the quokka.
The quokka is severely wounded.
The quokka barely misses you. The quokka bites you.
You closely miss the quokka. You claw the quokka.
You kill the quokka!
You start resting.
HP restored.
You open the door.
There is an open door here.
You open the door.
Found a ring mail.
Found an escape hatch in the floor.
There is an open door here.
An adder comes into view.
The adder bites you but does no damage. The adder barely misses you.
You closely miss the adder. The adder bites you. x2
You barely miss the adder. Your peck misses the adder. The adder bites you.
You are poisoned.
The adder poisons you! The adder bites you.
You are lethally poisoned!
The adder poisons you!
You hit the adder.
The adder is lightly wounded.
You feel very sick. The adder barely misses you. The adder closely misses you.
It was a potion of magic.
Magic courses through your body.
You feel sick. The adder bites you but does no damage.
Okay, then.
It was a potion of degeneration.
There was something very wrong with that liquid.
You feel weakened.
You feel dopey.
You feel clumsy.
* * * LOW HITPOINT WARNING * * *
You feel sick. The adder bites you but does no damage. The adder bites you.
* * * LOW HITPOINT WARNING * * *
You closely miss the adder. You claw the adder, but do no damage.
Your peck misses the adder.
* * * LOW HITPOINT WARNING * * *
You feel sick. The adder bites you.
You die...

### #.#######.########
#S......#.........
######@# #.#######.
#......# #. #.######
#######. #.# ###
##+#+#....... #.#
#.###.........###
##.#####.............+..
#........##..........###
#######..............###
#.....#+#........#


You could see an adder.

Vanquished Creatures
  2 bats (D:1)
  2 endoplasms (D:1)
  11 giant cockroaches
  2 goblins (D:1)
  A hobgoblin (D:1)
  3 jackals (D:1)
  2 quokkas
  A ball python (D:1)
  4 frilled lizards
  3 kobolds
31 creatures vanquished.

Vanquished Creatures (others)
  3 plants (D:1)
3 creatures vanquished.

Grand Total: 34 creatures vanquished

Notes
Turn   | Place    | Note
-------+----------+-------------------------------------------
     0 | D:1      | promet the Tengu Wanderer began the quest for the Orb.
     0 | D:1      | promet set off with the following items: a +1 sling, a
                  | scroll of blinking, a +0 leather armour; and the following
                  | spell memorised: Shock; and the following spells available
                  | to memorise: Poisonous Vapours, Summon Lightning Spire.
     0 | D:1      | Reached XP level 1. HP: 14/14 MP: 4/4
    85 | D:1      | Reached XP level 2. HP: 10/19 MP: 0/6
  1103 | D:1      | Found a faded altar of an unknown god.
  1455 | D:2      | Reached skill level 1 in Armour
  1464 | D:2      | Reached XP level 3. HP: 19/23 MP: 7/7
  1947 | D:2      | Slain by an adder

Illustrated notes

Levels and vault maps discovered:
D:1:      spicycebolla_arrival_xxxplode, layout_loops_ring, serial_forest,
          infiniplex_forest_clump_small, infiniplex_forest_straight_4,
          infiniplex_forest_clump_tiny, infiniplex_forest_lined_corner,
          infiniplex_forest_end_2, infiniplex_forest_clump_medium,
          infiniplex_forest_lined_room_2, infiniplex_forest_lined_room_,
          hellmonk_ecumenical_altar_pennies_from_heaven, minmay_tetromino_o4
D:2:      minmay_roachtagon, layout_basic, grunt_ministairs_10

Skill      XL: |  1  2  3 |
---------------+----------+-----
Armour         | 1 |  1.3
Air Magic      | 3 |  3.1
Fighting       | |  3.1
Axes           | |  0.4
Ranged Weapons | |  2.4
Throwing       | |  1.0
Spellcasting   | |  2.4
Conjurations   | |  0.7

Action                   || total
-------------------------++-------
Melee: Dagger            ||    20
       Peck              ||    10
       Kick              ||    16
       Broad axe         ||    37
 Fire: Sling             ||     2
 Cast: Shock             ||    24
  Use: Potion            ||     2
Armor: Leather armour    ||    34
Dodge: Dodged            ||    50
